 Dungeon Crawl Stone Soup version 0.17-a0-1373-g64d4c99 (webtiles) character file.

157 nuthulu the Covered (level 5, -5/32 HPs)
             Began as a Gargoyle Fighter on June 13, 2015.
             Was an Initiate of Okawaru.
             Slain by an ogre
             ... wielding a +0 giant club
              (14 damage)
             ... on level 4 of the Dungeon.
             The game lasted 00:06:49 (3048 turns).

nuthulu the Covered (Gargoyle Fighter)              Turns: 3048, Time: 00:06:49

Health: -5/32      AC: 11    Str: 25 (26) XL:     5   Next: 38%
Magic:  5/5        EV:  7    Int:  8      God:    Okawaru [......]
Gold:   109        SH:  9    Dex:  9      Spells: 0 memorised, 4 levels left

rFire  . . .     SeeInvis .     g - +1 flail (drain)
rCold  . . .     Clarity  .     b - +0 scale mail
rNeg   + . .     SustAt   .     c - +0 shield
rPois  ∞         Gourm    .     (no helmet)
rElec  +         Spirit   .     (no cloak)
rCorr  .         Warding  .     (no gloves)
rMut   .         Stasis   .     (no boots)
MR     .....                    (no amulet)
Stlth  ..........               (no ring)
                                (no ring)

@: mighty, not resistant to hostile enchantments, extremely unstealthy
A: negative energy resistance 1, electricity resistance, unbreathing,
petrification resistance, rot immunity, AC +4
a: Renounce Religion


You were on level 4 of the Dungeon.
You worshipped Okawaru.
Okawaru was noncommittal.
You were not hungry.

You visited 1 branch of the dungeon, and saw 4 of its levels.

You collected 168 gold pieces.
You spent 59 gold pieces at shops.

Inventory:

Hand weapons
 g - a +1 flail of draining (weapon)
Armour
 b - a +0 scale mail (worn)
 c - a +0 shield (worn)
Scrolls
 i - 2 scrolls of recharging
 q - a scroll of fear
Potions
 d - 2 potions of might
 f - a potion of magic
 j - a potion of ambrosia {unknown}
 k - a potion of curing {unknown}
 l - a potion of mutation {unknown}
 m - a potion of brilliance {unknown}
 n - 2 potions of heal wounds {unknown}
Comestibles
 a - 3 fruits
 e - 5 bread rations
 h - 2 meat rations
 o - a royal jelly


   Skills:
 - Level 3.2 Fighting
 * Level 4.3 Maces & Flails
 * Level 4.8 Armour
 - Level 3.2 Shields


You had 4 spell levels left.
You didn't know any spells.

Dungeon Overview and Level Annotations

Branches:
Dungeon (4/15)
 Temple: D:4-7

Altars:
Okawaru

Shops:
D:4 %(


Innate Abilities, Weirdness & Mutations

You are resistant to torment.
Your stone body is resilient (AC +4).
You are immune to poison.
You resist negative energy.
You are resistant to electric shocks.
You can survive without breathing.
You are immune to petrification.
You are immune to rotting.


Message History

The ogre moves out of view.
You see here a scale mail.
Unknown command.
r - a scale mail Drop what? 18/52 slots (_ for help) (? for menu, Esc to quit)
You drop 5 bread rations.
e - 5 bread rations Drop what? 18/52 slots (_ for help) (? for menu, Esc to quit)
You drop a scale mail.
All of the chunks of flesh in your inventory have rotted away.
Found a ring mail.
Found a stone staircase leading down.
You thump the ogre! You drain the ogre!
The ogre is heavily wounded.
The ogre hits you with a giant club!!
Ouch! That really hurt!
* * * LOW HITPOINT WARNING * * *
Drink which item? (? for menu, Esc to quit)
You feel very mighty all of a sudden. The ogre hits you with a giant club!
You die...

....#....... .>
.......... ####[
#.#....∩#
#.....###.#<...#####
.##.....#.............
........#.#[..........
#....##.#.#.........
#....##.#.#........#
#....@O.............
#...###.#....#.###O#
#.......####.#.# .
#.######## #.#.#
#........###.#.#
########.......#
#.......# #.......#
#.###'#.#


You could see an ogre.

Vanquished Creatures
  A giant frog zombie (D:3)
  Ijyb (D:3)
  An adder (D:2)
  An adder skeleton (D:4)
  2 worms
  A giant gecko (D:3)
  7 orcs
  A bat skeleton (D:4)
  5 giant cockroaches
  9 goblins
  5 hobgoblins
  12 kobolds
  8 bats
  A giant newt (D:2)
  6 jackals (D:1)
  A quokka (D:3)
  5 rats
67 creatures vanquished.

Notes
Turn   | Place    | Note
--------------------------------------------------------------
     0 | D:1      | nuthulu the Gargoyle Fighter began the quest for the Orb.
     0 | D:1      | Reached XP level 1. HP: 14/14 MP: 1/1
   226 | D:1      | Reached XP level 2. HP: 14/19 MP: 2/2
   586 | D:1      | Reached XP level 3. HP: 18/23 MP: 3/3
   983 | D:2      | Reached skill level 4 in Armour
  1791 | D:3      | Reached XP level 4. HP: 20/28 MP: 4/4
  2172 | D:3      | Noticed Ijyb
  2188 | D:3      | Killed Ijyb
  2188 | D:3      | Reached XP level 5. HP: 27/32 MP: 5/5
  2294 | D:3      | Found an iron altar of Okawaru.
  2304 | D:3      | Became a worshipper of Warmaster Okawaru
  2749 | D:4      | Found Duliq's Antique Weapon Boutique.
  2756 | D:4      | Bought a runed flail for 59 gold pieces
  3029 | D:4      | Found Buin's Food Shoppe.
  3031 | D:4      | Noticed an ogre
  3048 | D:4      | Slain by an ogre

Vault maps used:
D:1:      kilobyte_arrival_exit_the_forest
D:2:      patterned_corridor
D:3:      okawaru_trees_1, first_bread, uniq_iyjb
D:4:      serial_shops, shop, shop, shop, uniq_duvessa

Action                   |  1- 3 |  4- 6 || total
-------------------------+-------+-------++-------
Melee: Flail             |   148 |   103 ||   251
  Use: Scroll            |     8 |     1 ||     9
       Potion            |     1 |     1 ||     2
  Eat: Chunk             |     2 |     5 ||     7
